 Dungeon Crawl Stone Soup version 0.28.0-53-g5a82cb258f (webtiles) character file.

Game seed: 11447418983248290394

176 Zeld the Magician (level 5, -2/28 HPs)
             Began as a Deep Elf Fire Elementalist on May 21, 2022.
             Slain by Sigmund
             ... wielding a +0 scythe
              (7 damage)
             ... on level 4 of the Dungeon.
             The game lasted 00:02:58 (4434 turns).

Zeld the Magician (Deep Elf Fire Elementalist)      Turns: 4434, Time: 00:02:58

Health: -2/28      AC:  2    Str:  5    XL:     5   Next: 30%
Magic:  11/14      EV: 13    Int: 22    God:
Gold:   105        SH:  0    Dex: 15    Spells: 3/13 levels left

rFire   + . .      SeeInvis .   g - staff of fire
rCold   . . .      Faith    .   (no shield)
rNeg    . . .      Spirit   .   a - +0 robe
rPois   .          Reflect  .   (no helmet)
rElec   .          Harm     .   (no cloak)
rCorr   .          Rampage  .   (no gloves)
Will    .....                   (no boots)
Stlth   ++........              (no amulet)
HPRegen 0.09/turn               (no ring)
MPRegen 0.14/turn               (no ring)

@: no status effects
A: no striking features
a: no special abilities


You were on level 4 of the Dungeon.
You visited 1 branch of the dungeon, and saw 4 of its levels.

You collected 105 gold pieces.

Inventory:

Armour
 a - a +0 robe (worn)
Magical Staves
 g - a staff of fire (weapon)
Scrolls
 d - 4 scrolls of identify {unknown}
 f - a scroll of teleportation {unknown}
 j - a scroll of brand weapon {unknown}
Potions
 b - a potion of brilliance {unknown}
 c - a potion of ambrosia {unknown}
 e - a potion of curing {unknown}
 h - 2 potions of magic {unknown}
 i - a potion of haste
 k - a potion of attraction {unknown}


   Skills:
 + Level 3.4 Dodging
 - Level 2.4 Stealth
 * Level 4.9 Spellcasting
 + Level 2.4 Conjurations
 * Level 4.7 Fire Magic


You had 3 spell levels left.
You knew the following spells:

 Your Spells              Type           Power      Damage    Failure   Level
a - Foxfire               Conj/Fire      100%       2x1d9     2%          1
b - Scorch                Fire           78%        2d8       2%          2
c - Inner Flame           Hex/Fire       23%        N/A       12%         3
d - Flame Wave            Conj/Fire      31%        2d8       24%         4

Your spell library contained the following spells:

 Spells                   Type           Power      Damage    Failure   Level
 Conjure Flame            Conj/Fire      31%        6-21      7%          3
 Dazzling Flash           Conj/Hex       20%        N/A       19%         3
 Gell's Gravitas          Tloc           5%         N/A       30%         3
 Lesser Beckoning         Tloc           5%         N/A       30%         3
 Teleport Other           Tloc           5%         N/A       30%         3
 Iskenderun's Mystic Bla  Conj/Tloc      10%        2d4       52%         4
 Freezing Cloud           Conj/Ice/Air   4%         6-21      90%         5
 Summon Forest            Summ/Tloc      2%         N/A       96%         5
 Summon Mana Viper        Hex/Summ       5%         N/A       96%         5
 Starburst                Conj/Fire      15%        6d6       98%         6
 Simulacrum               Ice/Necr       2%         N/A       100%        6
 Summon Cactus Giant      Summ           2%         N/A       100%        6
 Polar Vortex             Ice            2%         N/A       100%        9


Dungeon Overview and Level Annotations

Branches:
Dungeon (4/15)
 Temple: D:4-7

Altars:
Dithmenos
Trog

Annotations:
D:4 Sigmund


Message History

Confirm with . or Enter, or press ? or * to list all spells.
The spell is quite dangerous to miscast (12% risk of failure)!
Continue anyway?
Aiming: Inner Flame (quite dangerous; 12% risk of failure)
Press: ? - help, Dir - move target, f - Sigmund
Aim: Sigmund, wielding a +0 scythe and wearing a +2 robe of fire resistance (asleep, chance to affect: 84%)
You feel a surge of power!
Sigmund is filled with an inner flame.
Unknown command.
Casting: Inner Flame (quite dangerous; 12% risk of failure)
Confirm with . or Enter, or press ? or * to list all spells.
You can't see any susceptible monsters within range! (Use Z to cast anyway.) Unknown command.
Casting: Inner Flame (quite dangerous; 12% risk of failure)
Confirm with . or Enter, or press ? or * to list all spells.
You feel a surge of power!
Flames lash Sigmund.
Sigmund resists.
Flame seeps out of Sigmund.
Sigmund is lightly wounded.
Sigmund's fire resistance burns away.
Sigmund is engulfed in blazing flames.
Flame seeps out of Sigmund.
Sigmund casts a spell at you. The magic dart hits you.
Sigmund is no longer more vulnerable to fire.
Sigmund drinks a potion.
Sigmund seems to speed up.
Casting: Scorch (safe; 2% risk of failure)
Confirm with . or Enter, or press ? or * to list all spells.
You can't see any susceptible monsters within range! (Use Z to cast anyway.) Unknown command.
Sigmund gestures at you while chanting.
You are confused.
You're too confused to cast spells.
Sigmund closely misses you.
Sigmund mumbles some strange words.
Sigmund flickers and vanishes!
Deactivating autopickup; reactivate with Ctrl-A.
Something hits you! Something hits you.
You feel less confused. Something hits you!
* * * LOW HITPOINT WARNING * * *
Something hits you!
You die...

#....# #.>....... #...##
#### ##......... #....# #..#
##.......... #....#
#..###........... #....##
#...#............ #.....#
##..............# #.....##
##[{##.....[....##
##.....#####..####........##
##.........@## ##......##
......###....## ##.......
..##..## ###..# #........
#... #..# ##........ .....
#..# #........ ..##.. ....
..... ## #. #..... ...#...
...##...#


There were no monsters in sight!

Vanquished Creatures
  A bullfrog zombie (D:3)
  An orc wizard (D:4)
  3 adders
  2 adder skeletons (D:2)
  2 worms
  A dart slug (D:2)
  3 orcs
  6 bats
  A bat skeleton (D:2)
  5 endoplasms
  A giant cockroach (D:1)
  11 hobgoblins
  3 jackals (D:1)
  8 kobolds
  3 quokkas
  7 ball pythons
  A ball python zombie (D:2)
  4 frilled lizards
  5 goblins
  6 rats
74 creatures vanquished.

Vanquished Creatures (others)
  90 foxfires (D:1)
90 creatures vanquished.

Grand Total: 164 creatures vanquished

Notes
Turn   | Place    | Note
-------+----------+-------------------------------------------
     0 | D:1      | Zeld the Deep Elf Fire Elementalist began the quest for the
                  | Orb.
     0 | D:1      | Reached XP level 1. HP: 10/10 MP: 6/6
   307 | D:1      | Reached XP level 2. HP: 15/15 MP: 2/8
   310 | D:1      | Learned a level 2 spell: Scorch
  1508 | D:1      | Reached XP level 3. HP: 19/19 MP: 7/10
  1512 | D:1      | Learned a level 3 spell: Inner Flame
  2678 | D:2      | Reached XP level 4. HP: 24/24 MP: 4/12
  2812 | D:2      | Learned a level 4 spell: Flame Wave
  3170 | D:2      | Found a faded altar of an unknown god.
  3600 | D:3      | Reached XP level 5. HP: 22/28 MP: 4/14
  4059 | D:4      | Found a bloodstained altar of Trog.
  4062 | D:4      | Found a shadowy altar of Dithmenos.
  4415 | D:4      | Noticed Sigmund
  4434 | D:4      | Slain by Sigmund

Illustrated notes

Levels and vault maps discovered:
D:1:      kennysheep_arrival_forest, layout_basic, minivault_24
D:2:      layout_basic, shapermc_ecumenical_altar_petra, serial_undead,
          serial_undead_c, serial_undead_d, serial_undead_b, serial_undead_f,
          minmay_strange_pillars, chequers_arboretum, dk_noncrumbling_3,
          grunt_ministairs_8, minmay_quadrilaterals
D:3:      layout_rooms
D:4:      layout_layer_cave, nzn_wu_jian_contemplation,
          nzn_hepliaklqana_mist_gate, nicolae_overflow_squiral, uniq_sigmund

Skill      XL: |  1  2  3  4 |
---------------+-------------+-----
Dodging        | 3 |  3.4
Fire Magic     | 4 |  4.7
Spellcasting   | 4 |  4.9
Conjurations   | 2 |  2.4
Stealth        | |  2.4

Action                   |  1- 3 |  4- 6 || total
-------------------------+-------+-------++-------
Melee: Unarmed           |     8 |     1 ||     9
       Staff             |       |     1 ||     1
 Cast: Foxfire           |    66 |       ||    66
       Scorch            |    34 |    37 ||    71
       Inner Flame       |       |     1 ||     1
Armor: Robe              |     4 |     2 ||     6
Dodge: Dodged            |    25 |    12 ||    37
